 Dungeon Crawl Stone Soup version 0.31-a0-426-g3a05650e59 (webtiles) character file.

Game seed: 8906261927058358863

95 mopl the Grasshopper (level 4, -2/34 HPs)
             Began as a Formicid Warper on July 30, 2023.
             Slain by Ijyb
             ... wielding a +0 club
              (4 damage)
             ... on level 3 of the Dungeon.
             The game lasted 00:03:13 (1460 turns).

mopl the Grasshopper (Formicid Warper)              Turns: 1460, Time: 00:03:14

Health: -2/34      AC:  6    Str: 17    XL:     4   Next: 97%
Magic:  7/7        EV: 11    Int: 13    God:
Gold:   104        SH:  0    Dex: 13    Spells: 8/8 levels left

rFire   . . .        a - +0 war axe
rCold   . . .        (no shield)
rNeg    . . .        e - +0 ring mail
rPois   .            (helmet unavailable)
rElec   .            (no cloak)
rCorr   .            (no gloves)
SInv    +            w - +0 pair of boots
Will    .....        (no amulet)
Stlth   +            (no ring)
HPRegen 0.25/turn    (no ring)
MPRegen 0.10/turn

%: no passive effects
@: no status effects
A: permanent stasis, dig shafts and tunnels, antennae 3, four strong arms
a: Dig, Shaft Self


You were on level 3 of the Dungeon.
You visited 1 branch of the dungeon, and saw 3 of its levels.

You collected 104 gold pieces.

Inventory:

Hand Weapons
 a - a +0 war axe (weapon)
Missiles
 d - 7 darts of dispersal (quivered)
 j - 5 boomerangs
 p - 3 atropa-tipped darts
Armour
 e - a +0 ring mail (worn)
 w - a +0 pair of boots (worn)
Talismans
 s - a storm talisman
 u - a beast talisman
Scrolls
 b - a scroll of brand weapon {unknown}
 c - 2 scrolls of blinking
 g - a scroll of vulnerability {unknown}
 h - a scroll of amnesia {unknown}
 l - a scroll of enchant armour {unknown}
 q - 2 scrolls of identify {unknown}
 r - a scroll of teleportation {unknown}
Potions
 f - 2 potions of lignification {unknown}
 i - 2 potions of mutation {unknown}
 k - a potion of curing {unknown}
 m - a potion of cancellation {unknown}
 n - a potion of degeneration {unknown}
 o - 2 potions of heal wounds {unknown}
 t - a potion of might {unknown}
 v - a potion of magic {unknown}


   Skills:
 + Level 2.8 Fighting
 * Level 3.0 Axes
 - Level 1.0 Throwing
 + Level 2.1 Armour
 + Level 2.2 Dodging
 + Level 2.6 Spellcasting
 + Level 3.0 Translocations


You had 8 spell levels left.
You didn't know any spells.
Your spell library contained the following spells:

 Spells                   Type           Power      Damage    Failure   Level
 Lesser Beckoning         Tloc           18%        N/A       19%         2
 Teleport Other           Tloc           9%         N/A       36%         3
 Portal Projectile        Hex/Tloc       10%        N/A       56%         3
 Manifold Assault         Tloc           9%         N/A       77%         4
 Call Canine Familiar     Summ           1%         N/A       78%         3
 Leda's Liquefaction      Hex/Erth       0%         N/A       99%         4
 Blink                    Tloc           Unusable   N/A       N/A         2
 Vhi's Electric Charge    Tloc/Air       Unusable   N/A       N/A         3

Dungeon Overview and Level Annotations

Branches:
Dungeon (3/15)

Altars:
Qazlal
Xom
Zin
The Shining One

Annotations:
D:3 1 runed translucent door, Ijyb; TobyConnect's ghost, amateur DsSh


Innate Abilities, Weirdness & Mutations

You cannot be hasted, slowed, berserked, paralysed or teleported.
You can dig through walls and to a lower floor.
You have a pair of large antennae on your head. (SInv)
Your four strong arms can wield two-handed weapons with a shield.


Message History

Ijyb is heavily wounded.
Ijyb closely misses you. x2
You hit Ijyb.
Ijyb is heavily wounded.
Ijyb hits you with a +0 club.
You closely miss Ijyb.
Ijyb is heavily wounded.
Ijyb hits you with a +0 club.
* * * LOW HITPOINT WARNING * * *
Ijyb zaps a wand.
The puff of flame hits you.
* * * LOW HITPOINT WARNING * * *
You hit Ijyb but do no damage.
Ijyb is heavily wounded.
Ijyb misses you.
You closely miss Ijyb.
Ijyb is heavily wounded.
Ijyb hits you but does no damage.
You hit Ijyb.
Ijyb is severely wounded.
Ijyb hits you with a +0 club.
* * * LOW HITPOINT WARNING * * *
Ijyb hits you with a +0 club.
* * * LOW HITPOINT WARNING * * *
You closely miss Ijyb.
Ijyb is severely wounded.
Ijyb hits you with a +0 club.
* * * LOW HITPOINT WARNING * * *
You closely miss Ijyb.
Ijyb is severely wounded.
Ijyb closely misses you. Ijyb misses you.
You closely miss Ijyb.
Ijyb is severely wounded.
Ijyb closely misses you.
You closely miss Ijyb.
Ijyb is severely wounded.
Ijyb closely misses you.
You closely miss Ijyb.
Ijyb is severely wounded.
Ijyb hits you but does no damage. Ijyb hits you with a +0 club.
You die...

.# #.♣#
#♣†......#... .# #.♣
♣.#####...### )#
#.♣# ♣.## #.## .#
#†.♣♣♣...# #.# .#
#........### #.#
.####.........# #.#
.#......#####.###.##
##......#
#.##g..#####.
##..###.#
#.#.@#.......
##..#...##
#.##...#####
..†.#....####..##.##
#......_..........#
######....#..######
# ##...#..# #
#.###..# ###
#......# ..#
#......#


You could see Ijyb.

Vanquished Creatures
  Natasha (D:3)
  2 adders (D:2)
  2 worms
  A dart slug (D:1)
  4 orcs (D:3)
  4 ball pythons
  6 bats
  4 giant cockroaches
  3 goblins
  2 hobgoblins (D:2)
  2 quokkas
  3 frilled lizards
  6 kobolds
  4 rats (D:1)
44 creatures vanquished.

Notes
Turn   | Place    | Note
-------+----------+-------------------------------------------
     0 | D:1      | mopl the Formicid Warper began the quest for the Orb.
     0 | D:1      | Reached XP level 1. HP: 16/16 MP: 3/3
   103 | D:1      | Reached XP level 2. HP: 18/22 MP: 5/5
   455 | D:2      | Reached skill level 2 in Dodging
   455 | D:2      | Reached XP level 3. HP: 17/28 MP: 6/6
   469 | D:2      | Found a stormy altar of Qazlal.
   735 | D:2      | Found a faded altar of an unknown god.
   943 | D:3      | Reached XP level 4. HP: 30/34 MP: 7/7
   993 | D:3      | Reached skill level 3 in Translocations
  1128 | D:3      | Found a glowing silver altar of Zin.
  1155 | D:3      | Found a runed translucent door.
  1159 | D:3      | Noticed a bullfrog
  1160 | D:3      | Noticed TobyConnect's ghost (amateur DsSh)
  1200 | D:3      | Found a glowing golden altar of the Shining One.
  1345 | D:3      | Found a shimmering altar of Xom.
  1345 | D:3      | Noticed Natasha
  1352 | D:3      | Killed Natasha
  1353 | D:3      | Reached skill level 3 in Axes
  1353 | D:3      | Reached skill level 2 in Armour
  1434 | D:3      | Noticed Ijyb
  1456 | D:3      | HP: 1/34 [Ijyb/+0 club (2)]
  1460 | D:3      | Slain by Ijyb

Illustrated notes

Levels and vault maps discovered:
D:1:      lemuel_arrival_cross, layout_basic
D:2:      layout_basic, basic_altar, shapermc_ecumenical_altar_mp_ritualfount,
          interstate_on_off, dk_vineyard_1
D:3:      layout_basic, mainiacjoe_overflow_alcove_4, amcnicky_altar_gilded,
          nicolae_overflow_crystal_walls, ebering_ghost_sewer_d,
          minmay_misc_feat_more_columns, minmay_stone_trees_small,
          minmay_misc_feat_tower, uniq_ijyb, uniq_natasha

Skill      XL: |  1  2  3  4 |
---------------+-------------+-----
Dodging        | 2 |  2.2
Translocations | 3 |  3.0
Axes           | 3 |  3.0
Armour         | 2 |  2.1
Fighting       | |  2.8
Throwing       | |  1.0
Spellcasting   | |  2.6

Action                     |  1- 3 |  4- 6 || total
---------------------------+-------+-------++-------
  Melee: Hand axe          |     8 |       ||     8
         War axe           |    54 |    70 ||   124
         Punch             |     1 |       ||     1
 Armour: Ring mail         |    24 |    26 ||    50
  Dodge: Dodged            |    42 |    44 ||    86

Table legend: (Time is in decaauts)
 A = Elapsed time spent in this place.
 B = Non-inter-level travel time spent in this place.
 C = Inter-level travel time spent in this place.
 D = Time resting spent in this place.
 E = Time spent auto-exploring this place.
 F = Levels seen in this place.
 G = Mean time per level.
                   A        B        C        D        E       F      G
               +--------+--------+--------+--------+--------+-----+--------+
         Total |   1507 |   1487 |     20 |    136 |    974 |   3 |  502.3 |
       Dungeon |   1507 |   1487 |     20 |    136 |    974 |   3 |  502.3 |
               +--------+--------+--------+--------+--------+-----+--------+

Top non-repeatable levels by time:
     D:3: 572 daAuts
     D:2: 507 daAuts
     D:1: 427 daAuts
